 Dungeon Crawl Stone Soup version 0.28-a0-1234-g826d19b2e0 (webtiles) character file.

Game seed: 2258779423018416775

15066 strifetoe the Grappler (level 11, -14/108 (110) HPs)
             Began as a Troll Monk on Dec 22, 2021.
             Was a High Priest of Okawaru.
             Killed from afar by an acid dragon (24 damage)
             ... with a splash of acid
             ... on level 12 of the Dungeon on Dec 24, 2021.
             The game lasted 00:14:09 (9970 turns).

strifetoe the Grappler (Troll Monk)                 Turns: 9970, Time: 00:14:10

HP:   -14/108 (110) AC:  9    Str: 24 (25) XL:     11   Next: 97%
MP:   9/10          EV: 10    Int:  6      God:    Okawaru [*****.]
Gold: 1531          SH:  0    Dex: 11 (12) Spells: 10/10 levels left

rFire   . . .      SeeInvis .     - Unarmed
rCold   + + .      Faith    .   (no shield)
rNeg    + . .      Spirit   .   o - +0 ice dragon scales of Qoprol {rPois rF- rC++}
rPois   +          Reflect  .   (helmet restricted)
rElec   .          Harm     .   (no cloak)
rCorr   .          Rampage  .   (gloves unavailable)
Will    .....      Rage     3%  (boots unavailable)
Stlth   ..........              (no amulet)
HPRegen 1.08/turn               f - ring of protection from fire
MPRegen 0.12/turn               k - ring of positive energy

@: corroded, lightly drained
A: large, unfitting armour, claws 3, regeneration 1, shaggy fur 1, tough skin 1,
berserk 2, deterioration 1, subdued magic 1
a: Renounce Religion, Heroism, Finesse, Duel


You were on level 12 of the Dungeon.
You worshipped Okawaru.
Okawaru was extremely pleased with you.
You visited 1 branch of the dungeon, and saw 12 of its levels.
You also visited: Bailey.

You collected 1531 gold pieces.

Inventory:

Hand Weapons
 n - a +3 antimagic demon trident
Armour
 a - a +0 robe
 o - the +0 ice dragon scales of Qoprol (worn) {rPois rF- rC++}
   (Okawaru gifted it to you on level 10 of the Dungeon)

   rF:        It makes you vulnerable to fire.
   rC:        It greatly protects you from cold.
   rPois:     It protects you from poison.
Jewellery
 f - a ring of protection from fire (left claw)
 k - a ring of positive energy (right claw)
 s - a ring of resist corrosion
Wands
 g - a wand of iceblast (10)
 i - a wand of digging (3)
 m - a wand of paralysis (1)
 p - a wand of acid (6)
Scrolls
 d - 4 scrolls of teleportation
 e - 5 scrolls of identify
 j - a scroll of fog
Potions
 b - 2 potions of attraction
 c - 5 potions of curing
 h - a potion of magic
 l - 2 potions of flight
 q - a potion of heal wounds
 r - a potion of invisibility {unknown}


   Skills:
 - Level 7.7 Fighting
 - Level 7.2 Armour
 - Level 7.8 Dodging
 - Level 3.0 Stealth
 + Level 12.1 Unarmed Combat


You had 10 spell levels left.
You didn't know any spells.
Your spell library contained the following spells:

 Spells                   Type           Power      Damage    Failure   Level
 Corpse Rot               Necr/Air       0%         N/A       87%         2
 Passwall                 Tmut/Erth      0%         N/A       87%         2
 Poisonous Vapours        Pois/Air       0%         N/A       87%         2
 Static Discharge         Conj/Air       0%         N/A       87%         2
 Conjure Flame            Conj/Fire      0%         6-21      98%         3
 Ignite Poison            Fire/Tmut/Pois 0%         N/A       98%         3
 Swiftness                Air            0%         N/A       98%         3
 Dispel Undead            Necr           0%         3d6       100%        4
 Sticky Flame             Conj/Fire      0%         2d3       100%        4
 Blade Hands              Tmut           0%         N/A       100%        5
 Irradiate                Conj/Tmut      0%         3d13      100%        5
 Dragon Form              Tmut           0%         N/A       100%        7
 Death Channel            Necr           Unusable   N/A       N/A         6

Dungeon Overview and Level Annotations

Branches:
Dungeon (12/15)            Temple (0/1) D:5             Orc (0/2) D:10
 Bailey (visited)
   Lair: D:8-11

Altars:
Elyvilon
Okawaru
Uskayaw

Annotations:
D:4 exclusion: downstairs


Innate Abilities, Weirdness & Mutations

You are too large for most types of armour.
You have claws for hands.
Your natural rate of healing is unusually fast.
You are covered in fur. (AC +1)
You have tough skin. (AC +1)
You often lose your temper in combat.
Your body sometimes deteriorates upon taking damage.
Your spells are a little easier to cast, but a little less powerful.


Message History

Your claw misses the orc wizard.
The orc wizard zaps a wand.
You suddenly lose the ability to move!
The orc wizard gestures at you while chanting.
The magic dart hits you.
The acid dragon bites you but does no damage.
The acid dragon claws you but does no damage.
The orc wizard hits you but does no damage.
You partially resist. The acid dragon bites you.
The acid dragon claws you but does no damage.
The orc wizard hits you but does no damage.
You partially resist. The acid dragon spits acid at you.
The splash of acid hits you!! The acid corrodes you!
The orc wizard hits you with a +1 dagger of draining.
You partially resist.
You feel drained. The acid dragon bites you! The acid dragon claws you.
You feel like a meek peon again.
The orc wizard hits you with a +1 dagger of draining.
You partially resist.
You feel drained. The acid dragon bites you! The acid dragon claws you.
You can move again.
You scratch the orc wizard.
The orc wizard is heavily wounded.
The two-headed ogre hits you with a +0 giant spiked club!
The two-headed ogre hits you with a +0 giant club!!
* * * LOW HITPOINT WARNING * * *
The orc wizard zaps a wand.
You easily resist.
The acid dragon bites you but does no damage.
The acid dragon claws you.
* * * LOW HITPOINT WARNING * * *
Unknown command.
Unknown command.
You closely miss the orc wizard.
The orc wizard is heavily wounded.
The orc wizard zaps a wand.
You easily resist.
The two-headed ogre misses you.
The two-headed ogre hits you with a +0 giant club!
* * * LOW HITPOINT WARNING * * *
The acid dragon spits acid at you. The splash of acid hits you!!
You die...

............>..)......######
............####[)..........
...........## #....<..###
....#.....## #.#.....#
########.### ##.#######
#.........###..# ..
#......##.##..#######...#
#...... #.##.####.....# .
#......##.#....@O.# ..
#.............Do### ...
#........##..##..# ....
#......#.....###)####.....
............##.)........
####..###.#...##.##.... #.#
#..##....D# . #.
#.......#........
.......###.......


You could see a two-headed ogre, an acid dragon (catching breath) and an orc
wizard.

Vanquished Creatures
  2 boulder beetles
  A centaur warrior (D:10)
  2 two-headed ogres
  An ugly thing (D:12)
  A cyclops (D:11)
  3 kobold demonologists (D:10)
  A troll (D:11)
  A hornet (D:8)
  A slime creature (D:9)
  Prince Ribbit (D:8)
  2 shadows
  A basilisk (D:12)
  17 yaks
  2 acid dragons
  2 water moccasins (D:6)
  A hornet zombie (D:6)
  The ghost of Adrian566 the Ruffian, an amateur TrFi (D:5)
  An ice beast (D:4)
  13 orc warriors
  5 sky beasts
  A swamp drake (D:10)
  5 necrophages (D:9)
  3 ogres
  2 centaurs
  A kobold brigand (D:10)
  A phantom (D:6)
  5 bullfrogs
  A scorpion (D:5)
  A water moccasin zombie (D:6)
  A water moccasin skeleton (D:4)
  3 jellies
  6 killer bees
  7 wights
  2 howler monkeys
  6 centaur zombies
  A hound (D:7)
  15 orc priests
  A centaur skeleton (D:6)
  3 iguanas
  11 orc wizards
  Ijyb (D:5)
  Terence (D:2)
  A hound skeleton (D:5)
  2 howler monkey zombies
  10 gnolls
  3 adders
  3 white imps
  An ufetubus (D:5)
  An adder skeleton (D:4)
  A worm (D:2)
  A dart slug (D:3)
  60 orcs
  4 endoplasms
  2 giant cockroaches
  6 hobgoblins
  9 jackals
  A quokka (D:3)
  6 ball pythons
  4 bats
  5 goblins
  17 kobolds
  4 rats
278 creatures vanquished.

Vanquished Creatures (others)
  2 withered plants (D:9)
2 creatures vanquished.

Grand Total: 280 creatures vanquished

Notes
Turn   | Place    | Note
-------+----------+-------------------------------------------
     0 | D:1      | strifetoe the Troll Monk began the quest for the Orb.
     0 | D:1      | Reached XP level 1. HP: 22/22 MP: 0/0
   103 | D:1      | Reached XP level 2. HP: 25/29 MP: 1/1
   281 | D:1      | Found a faded altar of an unknown god.
   336 | D:1      | Prayed at the altar of an unknown god.
   336 | D:1      | Became a worshipper of Warmaster Okawaru
   336 | D:1      | Reached * piety under Okawaru
   336 | D:1      | Reached ** piety under Okawaru
   420 | D:1      | Reached skill level 4 in Unarmed Combat
   531 | D:1      | Reached XP level 3. HP: 36/36 MP: 2/2
   641 | D:2      | Noticed Terence
   649 | D:2      | Killed Terence
   706 | D:2      | Found a white marble altar of Elyvilon.
   807 | D:2      | Reached *** piety under Okawaru
   808 | D:2      | Reached skill level 5 in Unarmed Combat
   808 | D:2      | Reached XP level 4. HP: 40/44 MP: 3/3
  1279 | D:2      | HP: 2/44 [orc (5)]
  1282 | D:2      | Reached XP level 5. HP: 4/50 MP: 4/4
  1351 | D:3      | Reached skill level 6 in Unarmed Combat
  2080 | D:4      | Reached skill level 7 in Unarmed Combat
  2080 | D:4      | Reached XP level 6. HP: 59/59 MP: 5/5
  2366 | D:5      | Entered Level 5 of the Dungeon
  2366 | D:5      | Found a staircase to the Ecumenical Temple.
  2368 | D:5      | Noticed a yak
  2369 | D:5      | Noticed a yak
  2373 | D:5      | Noticed Ijyb
  2373 | D:5      | Noticed a yak
  2375 | D:5      | Noticed a yak
  2452 | D:5      | Noticed a sky beast
  2478 | D:5      | Killed a sky beast
  2501 | D:5      | Noticed a sky beast
  2507 | D:5      | Killed a sky beast
  2508 | D:5      | Reached XP level 7. HP: 66/66 MP: 3/6
  2728 | D:5      | Found a runed translucent gate.
  2728 | D:5      | Found a runed translucent gate.
  2729 | D:5      | Noticed Adrian566's ghost (amateur TrFi)
  2732 | D:5      | Found a runed translucent gate.
  2760 | D:5      | Received a gift from Okawaru
  2776 | D:5      | Reached **** piety under Okawaru
  2777 | D:5      | Reached skill level 1 in Armour
  3041 | D:5      | Noticed a yak
  3043 | D:5      | Noticed a yak
  3050 | D:5      | Killed a yak
  3054 | D:5      | Killed a yak
  3076 | D:4      | Killed a yak
  3077 | D:4      | Reached XP level 8. HP: 31/78 MP: 7/7
  3150 | D:4      | Reached ***** piety under Okawaru
  3358 | D:5      | Killed Ijyb
  3791 | D:5      | Killed Adrian566's ghost
  3791 | D:5      | Received a gift from Okawaru
  3792 | D:5      | Reached skill level 5 in Fighting
  3792 | D:5      | Reached skill level 5 in Dodging
  3797 | D:5      | Reached XP level 9. HP: 61/88 MP: 8/8
  4032 | D:6      | Reached skill level 5 in Armour
  4488 | D:6      | Reached XP level 10. HP: 87/100 MP: 9/9
  5704 | D:7      | Found a flagged portal.
  5729 | Bailey   | Entered a bailey
  5890 | Bailey   | Identified the +15 plate armour of Spring {Fly Will+ Str-2}
  5916 | Bailey   | Reached ****** piety under Okawaru
  5987 | Bailey   | Received a gift from Okawaru
  6524 | D:8      | Noticed Prince Ribbit
  6688 | D:8      | Killed Prince Ribbit
  7135 | D:8      | Gained mutation: You tend to lose your temper in combat.
                  | [potion of mutation]
  7135 | D:8      | Gained mutation: You have hidden genetic defects. [potion
                  | of mutation]
  7135 | D:8      | Gained mutation: Your body sometimes deteriorates upon
                  | taking damage. [potion of mutation]
  7418 | D:9      | Reached skill level 8 in Unarmed Combat
  7640 | D:9      | Noticed a two-headed ogre
  7653 | D:9      | Killed a two-headed ogre
  7654 | D:9      | Reached XP level 11. HP: 53/110 MP: 7/10
  7670 | D:9      | Gained mutation: Your spells are a little easier to cast,
                  | but a little less powerful. [hidden defects]
  8228 | D:9      | Upgraded the game from 0.28-a0-1213-g0243856f03 to
                  | 0.28-a0-1234-g826d19b2e0
  8388 | D:10     | Entered Level 10 of the Dungeon
  8407 | D:10     | Identified the +0 ice dragon scales of Qoprol {rPois rF-
                  | rC++} (Okawaru gifted it to you on level 10 of the Dungeon)
  8407 | D:10     | Received a gift from Okawaru
  8605 | D:10     | Found a hide-covered altar of Uskayaw.
  8605 | D:10     | Noticed a centaur warrior
  8618 | D:10     | Killed a centaur warrior
  8619 | D:10     | Reached skill level 9 in Unarmed Combat
  8713 | D:10     | Gained mutation: You often lose your temper in combat.
                  | [hidden defects]
  8713 | D:10     | Lost mutation: You have hidden genetic defects. [hidden
                  | defects expressed]
  8942 | D:10     | Found a staircase to the Orcish Mines.
  9233 | D:10     | Reached skill level 10 in Unarmed Combat
  9455 | D:11     | Noticed a boulder beetle
  9465 | D:11     | Killed a boulder beetle
  9468 | D:11     | Reached skill level 11 in Unarmed Combat
  9469 | D:11     | Noticed a boulder beetle
  9471 | D:11     | Noticed a centaur warrior
  9492 | D:12     | Killed a boulder beetle
  9811 | D:12     | Noticed a two-headed ogre
  9821 | D:12     | Killed a two-headed ogre
  9822 | D:12     | Reached skill level 12 in Unarmed Combat
  9827 | D:12     | Noticed a cyan ugly thing
  9960 | D:12     | Killed a cyan ugly thing
  9962 | D:12     | Noticed a two-headed ogre
  9963 | D:12     | Paralysed by an orc wizard for 5 turns
  9970 | D:12     | Killed from afar by an acid dragon

Illustrated notes

Levels and vault maps discovered:
D:1:      co_arrival_square_in_a_square_in_a_square, layout_rooms,
          hellmonk_ecumenical_altar_crossroads, roderic_serpentine_path
D:2:      cheibrodos_old_hovel, layout_basic, basic_altar, uniq_terence
D:3:      layout_basic
D:4:      layout_gridville
D:5:      layout_basic, minmay_temple_entry_glass, gammafunk_ghost_split,
          uniq_ijyb
D:6:      layout_loops_ring, kennysheep_generic_room_12
D:7:      layout_basic, enter_bailey_7
D:8:      layout_basic, uniq_prince_ribbit1
D:9:      layout_loops_corners, serial_undead, serial_undead_b, serial_undead_e,
          serial_undead_d, serial_undead_b
D:10:     layout_roguey, old_standard_altar, erik_orc_1
D:11:     minmay_the_grid_square_5x5_5x5_mashed
          [minmay_the_grid_square_5x5_inverted_slash,
          minmay_the_grid_square_5x5_hollow_slash,
          minmay_the_grid_square_5x5_lines,
          minmay_the_grid_square_5x5_gyroscope,
          minmay_the_grid_square_5x5_inner_v,
          minmay_the_grid_square_5x5_two_walls_a,
          minmay_the_grid_square_5x5_prize_open,
          minmay_the_grid_square_5x5_shuriken,
          minmay_the_grid_square_5x5_prize_monsterx,
          minmay_the_grid_square_5x5_tetrominoes,
          minmay_the_grid_square_5x5_inner_i,
          minmay_the_grid_square_5x5_misaligned,
          minmay_the_grid_square_5x5_prize_itemx,
          minmay_the_grid_square_5x5_moneybag, minmay_the_grid_square_5x5_comb,
          minmay_the_grid_square_5x5_intrusive_squares,
          minmay_the_grid_square_5x5_prize_open,
          minmay_the_grid_square_5x5_pentomino_r,
          minmay_the_grid_square_5x5_prize_pseudospiral,
          minmay_the_grid_square_5x5_percent, minmay_the_grid_square_5x5_v,
          minmay_the_grid_square_5x5_meh,
          minmay_the_grid_square_5x5_sharp_hourglass,
          minmay_the_grid_square_5x5_six,
          minmay_the_grid_square_5x5_spiral_small], layout_stronghold,
          erik_lair_dragon, portal_ice_cave_rime
D:12:     layout_rooms

Skill      XL: |  1  2  3  4  5  6  7  8  9 10 11 |
---------------+----------------------------------+-----
Unarmed Combat | 4 5 7 8 12 | 12.1
Armour         | 2 4 5 7 |  7.2
Fighting       | 3 5 6 7 |  7.7
Dodging        | 3 5 6 7 |  7.8
Stealth        | 3 |  3.0

Action                   |  1- 3 |  4- 6 |  7- 9 | 10-12 || total
-------------------------+-------+-------+-------+-------++-------
Melee: Unarmed           |    63 |   122 |   178 |   500 ||   863
       Punch             |     2 |     1 |     5 |    26 ||    34
Invok: Heroism           |       |     3 |     4 |    16 ||    23
Evoke: Wand              |       |       |       |     2 ||     2
  Use: Scroll            |       |     4 |     2 |     8 ||    14
       Potion            |       |       |       |     9 ||     9
 Stab: Sleeping          |       |     1 |     4 |     1 ||     6
Armor: Robe              |    24 |    30 |    46 |    51 ||   151
       Ice dragon scales |       |       |       |   103 ||   103
Dodge: Dodged            |    35 |    48 |    75 |   280 ||   438

Table legend: (Time is in decaauts)
 A = Elapsed time spent in this place.
 B = Non-inter-level travel time spent in this place.
 C = Inter-level travel time spent in this place.
 D = Time resting spent in this place.
 E = Time spent auto-exploring this place.
 F = Levels seen in this place.
 G = Mean time per level.
                   A        B        C        D        E       F      G
               +--------+--------+--------+--------+--------+-----+--------+
         Total |   9871 |   9547 |    324 |   1609 |   5694 |  13 |  759.3 |
       Dungeon |   9535 |   9211 |    324 |   1559 |   5689 |  12 |  794.6 |
        Bailey |    336 |    336 |      0 |     50 |      5 |   1 |  336.0 |
               +--------+--------+--------+--------+--------+-----+--------+

Top non-repeatable levels by time:
     D:5: 1286 daAuts
     D:9: 1247 daAuts
     D:6: 1116 daAuts
     D:8: 1030 daAuts
    D:10: 951 daAuts
     D:4: 785 daAuts
     D:7: 785 daAuts
     D:1: 638 daAuts
     D:3: 555 daAuts
     D:2: 548 daAuts
    D:12: 480 daAuts
  Bailey: 336 daAuts
    D:11: 110 daAuts
